AoeStats
← pascapas

Fortress

507611147Analyzed
4v4 RM · 15d ago on Sep 19, 2026· 20m 21s· 8 players
Game mode
Random Map
Map size
Huge
Population
200
Speed
Normal
Resources
Standard
Victory
Conquest
Starting age
Dark Age
Ending age
Imperial Age
RankedLock teamsTeams togetherTeam positionsShared explorationLock speedFull tech treeHidden civsTurbo modeCheats
Victory
Defeat
🇨🇴 Bohemians · Colombia
799
+15
🇲🇽 Britons · Mexico
705
+19
🇪🇨 Inca · Ecuador
615
+22
🇪🇨 Persians · Ecuador
603
+24
🇨🇭 Burgundians · Switzerland
801
-21
🇨🇳 Huns · China
788
-21
🇧🇷 Franks · Brazil
773
-20
🇨🇱 Teutons · Chile
718
-25
La Morte Noire
8:46 Feudal Age
13:17 Castle Age
13:18 Wheelbarrow
12:31 Double-Bit Axe
12:35 Horse Collar
15:00 Bow Saw
14:54 Heavy Plow
17:35 Crossbowman
20:46 Fletching
20:57 Padded Archer Armor
Masepulvedah1
1:12 Loom
8:56 Feudal Age
8:58 Man-at-Arms
10:24 Man-at-Arms
11:29 Double-Bit Axe
13:08 Horse Collar
14:46 Arson
Hunkter
0:53 Loom
4:48 Feudal Age
6:40 Double-Bit Axe
11:40 Horse Collar
13:47 Wheelbarrow
18:39 Castle Age
16:04 Champi Runner
16:32 Arson
18:24 Forging
18:17 Gold Mining
19:59 Champi Warrior
20:49 Heavy Plow
Bernardo Vivanco
1:27 Loom
8:08 Feudal Age
10:06 Wheelbarrow
11:18 Man-at-Arms
11:44 Arson
12:38 Horse Collar
12:46 Double-Bit Axe
12:54 Gold Mining
12:57 Stone Mining
15:07 Town Watch
18:49 Forging
18:40 Scale Mail Armor
shentayto
7:15 Feudal Age
7:46 Double-Bit Axe
开局一片田
7:21 Feudal Age
[MCC] Bacteria-Am
pascapas
0:30 Loom
3:11 Horse Collar
8:13 Feudal Age
7:57 Double-Bit Axe
Connection lost

Rejoining the realm…

Still unreachable

The connection could not be restored.

Session expired

The server has moved on; the page needs a fresh start.